 Dungeon Crawl Stone Soup version 0.18-a0-1195-g77a4f03 (webtiles) character file.

341996 Duffy the Warrior (level 23, 190/190 HPs)
             Began as a Formicid Fighter on Jan 28, 2016.
             Was the Champion of Cheibriados.
             Quit the game on level 1 of the Vaults on Jan 29, 2016.
             The game lasted 01:43:39 (59133 turns).

Duffy the Warrior (Formicid Fighter)               Turns: 59133, Time: 01:43:40

Health: 190/190    AC: 31    Str: 45    XL:     23   Next: 2%
Magic:  33/33      EV: 22    Int: 24    God:    Cheibriados [******]
Gold:   1754       SH: 26    Dex: 25    Spells: 1 memorised, 31 levels left

rFire  + . .     SeeInvis +     F - +9 double sword (distort)
rCold  . . .     Gourm    .     e - +0 plate armour {rF+}
rNeg   . . .     Faith    .     w - +0 large shield
rPois  .         Spirit   .     (helmet unavailable)
rElec  .         Dismiss  .     l - +1 cloak
rCorr  .         Reflect  .     h - +2 pair of gloves
SustAt +         Harm     .     z - +2 pair of boots {Stlth+}
MR     ++++.                    (no amulet)
Stlth  ..........               K - ring "Ebecon" {SustAt *Contam MR++}
                                O - +3 ring of protection

@: very slow, incredibly resistant to hostile enchantments, extremely unstealthy
A: permanent stasis, dig shafts and tunnels, four strong arms, antennae 3, icy
blue scales 1, evolution 1
a: Dig, Shaft Self, Bend Time, Temporal Distortion, Slouch, Step From Time,
Renounce Religion
}: 2/15 runes: decaying, serpentine


You were on level 1 of the Vaults.
You worshipped Cheibriados.
Cheibriados was exalted by your worship.
You were not hungry.

You visited 7 branches of the dungeon, and saw 37 of its levels.
You also visited: Volcano.

You collected 3545 gold pieces.
You spent 1791 gold pieces at shops.


Innate Abilities, Weirdness & Mutations

You are under a permanent stasis effect.
You can dig through walls and to a lower floor.
Your four strong arms can wield two-handed weapons with a shield.
You have a pair of large antennae on your head (SInv).
You are partially covered in icy blue scales (AC +1).
You evolve.


   Skills:
 + Level 18.2 Fighting
 - Level 17.2 Long Blades
 - Level 15.8 Armour
 - Level 12.8 Dodging
 - Level 15.2 Shields
 - Level 6.0 Spellcasting
 - Level 8.4 Charms
 - Level 8.8 Necromancy
 - Level 14.0 Invocations
 - Level 10.0 Evocations


You had 31 spell levels left.
You knew the following spells:

 Your Spells              Type           Power        Failure   Level  Hunger
a - Regeneration          Chrm/Necr      #####.....   1%          3    #......

Inventory:

Hand Weapons
 c - a +0 blowgun
 F - a +9 double sword of distortion (weapon)
Missiles
 b - 3 throwing nets (quivered)
 n - 30 curare-tipped needles
Armour
 e - a +0 plate armour of fire resistance (worn)
 h - a +2 pair of gloves (worn)
 l - a +1 cloak (worn)
 w - a +0 large shield (worn)
 y - a +4 plate armour of cold resistance
 z - a +2 pair of boots of stealth (worn)
Jewellery
 a - an uncursed ring of resist corrosion
 K - the ring "Ebecon" (right hand) {SustAt *Contam MR++}

   [ring of sustain attributes]

   It sustains your strength, intelligence and dexterity.
   It affects your resistance to hostile enchantments.
   It causes magical contamination when unequipped.
 O - a +3 ring of protection (left hand)
Wands
 o - a wand of paralysis (12/24)
 E - a wand of disintegration (15/24)
 V - a wand of digging (18/24)
 X - a wand of draining (4/15)
Scrolls
 p - 5 scrolls of fear
 s - 3 scrolls of recharging
 t - a scroll of enchant weapon
 u - 22 scrolls of remove curse
 I - 8 scrolls of fog
 L - 6 scrolls of magic mapping
 P - a scroll of holy word
 Q - a scroll of summoning
 U - a scroll of brand weapon
 W - a scroll of immolation
Potions
 d - 10 potions of might
 g - 8 potions of heal wounds
 k - 7 potions of lignification
 r - 11 potions of curing
 v - 4 potions of flight
 B - 2 potions of cancellation
 C - 8 potions of agility
 H - 3 potions of cure mutation
 M - 3 potions of magic
 R - a potion of invisibility
 T - 3 potions of ambrosia
Miscellaneous
 D - a lantern of shadows
 G - a phial of floods
Comestibles
 f - 15 bread rations
 x - 12 meat rations
 J - 37 fruits

Dungeon Overview and Level Annotations

Branches:
Dungeon (15/15)            Temple (0/1) D:7            Lair (8/8) D:8
  Swamp (4/4) Lair:5        Snake (4/4) Lair:5        Slime (0/6) Lair:6
    Orc (2/2) D:9             Elf (2/3) Orc:2        Vaults (2/5) D:14
 Depths (0/5) D:15
  Crypt: Vaults:2-3

Altars:
Cheibriados
Dithmenos
Elyvilon
Fedhas
Gozag
Kikubaaqudgha
Makhleb
Okawaru
Pakellas
Qazlal
Ru
Trog
Xom
Yredelemnul
The Shining One
Beogh

Shops:
D:5 !   D:8 !   D:10 ?   D:15 !   Orc:2 :*([   Snake:3 *   Vaults:2 %}

Portals:
Hell: Lair:8

Annotations:
Lair:5 exclusion: oklob plant
Swamp:2 exclusion: Roxanne, Roxanne


Message History

No target in view!
No target in view!
No target in view!
No target in view!
No target in view!
No target in view!
Things that are here:
a long sword; an elf corpse You now have 1754 gold pieces (gained 21).
There is an open door, spattered with blood here.
You see here an uncursed shortbow of evasion.
Items here: % ( ) [ a rapier; a scale mail; 2 large rocks; an elf corpse
Items here: % ( ))) [ You see here an arrow.
You see here an arrow.
You see here 2 arrows.
Things that are here:
2 arrows; a bolt
Things that are here:
3 arrows; a bolt Done exploring.
Done exploring.
Done exploring.
There is an open door here.
You see here 2 bolts.
There is a stone staircase leading down here.
Put on which piece of jewellery? (? for menu, Esc to quit)
Okay, then.
Search for what [Enter for "shield", or ? for help]? ring of Save game and exit?
Welcome back, Duffy the Formicid Fighter.
Cheibriados says: Take it easy.
Press ? for a list of commands and other information.
Are you sure you want to abandon this character and quit the game? (Confirm with "yes".)

.......#....##.......#......#
.......#()..##.....[.'......#
########))..####'#'###[.....#
.....)(#....##......##......#
..))(.))....##......##......#
###)#'########......##......#
#..(...# #......##......#
#...(..# #......##......#
#...(..# #..@...##......#
#...(..# #......##......#
#...(..# #......#############
#......# #......# #....
###'##)#######(##############....
.......))((((.((((..........#....
..................).........#....
......)......[/.............)....
.......(()).................#...(


There were no monsters in sight!

Action                   |  1- 3 |  4- 6 |  7- 9 | 10-12 | 13-15 | 16-18 | 19-21 | 22-24 || total
-------------------------+-------+-------+-------+-------+-------+-------+-------+-------++-------
Melee: Long sword        |    21 |       |   125 |     3 |       |       |       |       ||   149
       Dagger            |    98 |   125 |   502 |   299 |       |       |       |       ||  1024
       Scimitar          |       |       |       |   609 |  1310 |  1833 |  1785 |    31 ||  5568
       Double sword      |       |       |       |       |       |       |       |   569 ||   569
 Fire: Blowgun           |       |       |       |       |    12 |       |       |       ||    12
Throw: Throwing net      |       |       |       |       |       |       |       |     3 ||     3
 Cast: Regeneration      |       |       |       |       |       |       |       |     8 ||     8
Invok: Slouch            |       |       |       |     1 |       |       |     2 |     6 ||     9
       Temporal Distorti |       |       |       |       |       |       |       |     2 ||     2
 Abil: Dig               |       |     5 |    13 |    16 |    17 |    15 |    34 |       ||   100
       Shaft Self        |       |       |       |     1 |       |       |       |     1 ||     2
Evoke: Wand              |       |       |       |       |       |     1 |    13 |       ||    14
       Deck              |       |       |       |       |       |       |       |     3 ||     3
  Use: Scroll            |       |       |     7 |    10 |     6 |     7 |     3 |    15 ||    48
       Potion            |       |       |       |       |       |       |     1 |       ||     1
 Stab: Distracted        |       |       |       |     1 |       |     2 |     1 |       ||     4
       Invisible         |       |       |       |       |       |     9 |       |       ||     9
       Paralysed         |       |       |       |       |       |       |     8 |       ||     8
  Eat: Chunk             |     1 |     3 |    11 |    17 |    19 |    13 |    11 |     8 ||    83
       Bread ration      |       |     1 |       |       |       |       |       |       ||     1
       Pizza             |       |       |       |       |     2 |     6 |       |       ||     8
       Royal jelly       |       |       |       |       |       |     4 |       |       ||     4
       Beef jerky        |       |       |       |       |       |       |     8 |       ||     8
       Fruit             |       |       |       |       |       |       |     8 |     3 ||    11

Notes
Turn   | Place    | Note
--------------------------------------------------------------
     0 | D:1      | Duffy the Formicid Fighter began the quest for the Orb.
     0 | D:1      | Reached XP level 1. HP: 18/18 MP: 1/1
   255 | D:1      | Reached skill level 4 in Shields
   255 | D:1      | Reached XP level 2. HP: 6/24 MP: 2/2
   702 | D:2      | Reached XP level 3. HP: 26/29 MP: 3/3
  1216 | D:2      | Reached XP level 4. HP: 25/35 MP: 4/4
  1560 | D:3      | Reached skill level 3 in Long Blades
  1560 | D:3      | Reached skill level 5 in Shields
  1587 | D:3      | Reached XP level 5. HP: 41/41 MP: 5/5
  1679 | D:3      | Noticed Sigmund
  1706 | D:3      | Killed Sigmund
  1706 | D:3      | Reached skill level 7 in Shields
  1706 | D:3      | Reached XP level 6. HP: 28/47 MP: 6/6
  1984 | D:3      | Reached skill level 4 in Armour
  2390 | D:3      | Reached XP level 7. HP: 48/52 MP: 7/7
  2708 | D:3      | Reached skill level 8 in Shields
  3704 | D:4      | Reached skill level 4 in Long Blades
  3746 | D:4      | Reached skill level 5 in Armour
  3746 | D:4      | Reached XP level 8. HP: 36/58 MP: 8/8
  4015 | D:4      | Reached skill level 6 in Armour
  4370 | D:4      | Reached skill level 9 in Shields
  4472 | D:4      | Found a snail-covered altar of Cheibriados.
  4478 | D:4      | Became a worshipper of Cheibriados the Contemplative
  4588 | D:4      | Found a sacrificial altar of Ru.
  4602 | D:4      | Found a shadowy altar of Dithmenos.
  4602 | D:4      | Found a bloodstained altar of Trog.
  4602 | D:4      | Found a glowing golden altar of the Shining One.
  4604 | D:4      | Found an iron altar of Okawaru.
  4607 | D:4      | Found a basalt altar of Yredelemnul.
  4851 | D:5      | Entered Level 5 of the Dungeon
  4959 | D:5      | Reached skill level 5 in Long Blades
  5078 | D:5      | Reached * piety under Cheibriados
  5208 | D:5      | Reached skill level 7 in Armour
  5281 | D:5      | Reached XP level 9. HP: 59/64 MP: 9/9
  5437 | D:5      | Found a white marble altar of Elyvilon.
  5540 | D:5      | Found Lefity's Distillery.
  5545 | D:5      | Bought a potion of heal wounds for 70 gold pieces
  5545 | D:5      | Bought a potion of heal wounds for 70 gold pieces
  5607 | D:6      | Reached skill level 6 in Long Blades
  5667 | D:6      | Reached ** piety under Cheibriados
  5696 | D:6      | Reached skill level 7 in Long Blades
  6094 | D:6      | Reached skill level 8 in Long Blades
  6158 | D:6      | Reached *** piety under Cheibriados
  6166 | D:6      | Found a burning altar of Makhleb.
  6617 | D:6      | Noticed Crazy Yiuf
  6623 | D:6      | Killed Crazy Yiuf
  6789 | D:7      | Found a staircase to the Ecumenical Temple.
  6845 | D:7      | Reached skill level 9 in Long Blades
  6998 | D:7      | Reached **** piety under Cheibriados
  7009 | D:7      | Reached XP level 10. HP: 63/70 MP: 10/10
  7238 | D:7      | Reached skill level 10 in Long Blades
  7371 | D:7      | Found an opulent altar of Gozag.
  7458 | D:7      | Noticed Pikel
  7480 | D:7      | Killed Pikel
  7480 | D:7      | Reached skill level 4 in Fighting
  7859 | D:7      | Reached skill level 5 in Fighting
  8338 | D:7      | Reached ***** piety under Cheibriados
  8341 | D:7      | Reached skill level 11 in Long Blades
  8362 | D:7      | Reached skill level 6 in Fighting
  9155 | D:8      | Got a crude iron ring
  9165 | D:8      | Identified the ring "Ebecon" {SustAt *Contam MR++} (You found it on level 8 of the Dungeon)
  9175 | D:8      | Noticed Erolcha
  9179 | D:8      | You fall through a shaft for 2 floors!
  9179 | D:10     | Entered Level 10 of the Dungeon
  9565 | D:10     | Reached skill level 7 in Fighting
  9717 | D:10     | Reached XP level 11. HP: 84/84 MP: 11/11
  9766 | D:10     | Found Gafy's Magic Scroll Emporium.
  9773 | D:10     | Bought a scroll of identify for 28 gold pieces
  9773 | D:10     | Bought a scroll of identify for 28 gold pieces
  9773 | D:10     | Bought a scroll of identify for 28 gold pieces
  9773 | D:10     | Bought a scroll of fog for 28 gold pieces
  9773 | D:10     | Bought a scroll of fear for 49 gold pieces
  9782 | D:10     | Bought a scroll of remove curse for 42 gold pieces
  9821 | D:10     | Reached skill level 1 in Invocations
 10005 | D:10     | Reached skill level 2 in Invocations
 10512 | D:9      | Reached skill level 3 in Invocations
 10592 | D:9      | Reached ****** piety under Cheibriados
 10708 | D:9      | Found a staircase to the Orcish Mines.
 10894 | D:8      | Noticed Psyche
 10906 | D:9      | Killed Psyche
 10906 | D:9      | Reached skill level 12 in Long Blades
 10906 | D:9      | Reached skill level 4 in Invocations
 11178 | D:9      | Reached skill level 5 in Invocations
 11295 | D:9      | Noticed Joseph
 11318 | D:9      | Killed Joseph
 11614 | D:8      | Killed Erolcha
 11614 | D:8      | Reached skill level 6 in Invocations
 11849 | D:8      | Found a blossoming altar of Fedhas.
 11881 | D:8      | Found a stormy altar of Qazlal.
 11881 | D:8      | Found a shimmering altar of Xom.
 11914 | D:8      | Found a staircase to the Lair.
 11962 | D:8      | Found a basalt altar of Yredelemnul.
 12151 | D:8      | Found Iluzezin's Distillery.
 12157 | D:8      | Bought a potion of might for 44 gold pieces
 12531 | Lair:1   | Entered Level 1 of the Lair of Beasts
 12640 | Lair:1   | Noticed Nergalle
 12677 | Lair:1   | Killed Nergalle
 12677 | Lair:1   | Reached skill level 7 in Invocations
 12714 | Lair:1   | Noticed Urug
 12728 | Lair:1   | Killed Urug
 12728 | Lair:1   | Reached skill level 13 in Long Blades
 12728 | Lair:1   | Reached XP level 12. HP: 83/91 MP: 17/17
 12733 | Lair:1   | Reached skill level 8 in Invocations
 12932 | Lair:1   | Noticed Erica
 12956 | Lair:1   | Killed Erica
 13035 | Lair:1   | Noticed Harold
 13048 | Lair:1   | Killed Harold
 13048 | Lair:1   | Reached skill level 9 in Invocations
 14067 | Lair:2   | Reached skill level 10 in Invocations
 14285 | Lair:2   | Reached skill level 14 in Long Blades
 14598 | Lair:3   | Noticed Snorg
 14599 | Lair:3   | Noticed Sonja
 14599 | Lair:3   | Killed Sonja
 14599 | Lair:3   | Reached skill level 1 in Dodging
 14615 | Lair:3   | Killed Snorg
 14615 | Lair:3   | Reached skill level 2 in Dodging
 15161 | Lair:3   | Noticed Gastronok
 15192 | Lair:3   | Killed Gastronok
 15192 | Lair:3   | Reached skill level 8 in Armour
 15192 | Lair:3   | Reached skill level 3 in Dodging
 15192 | Lair:3   | Reached XP level 13. HP: 96/98 MP: 20/20
 15281 | Lair:3   | Reached skill level 4 in Dodging
 15295 | Lair:3   | Reached skill level 8 in Fighting
 16125 | Lair:4   | Reached skill level 5 in Dodging
 16391 | Lair:4   | Reached skill level 9 in Fighting
 16393 | Lair:4   | Reached skill level 9 in Armour
 16416 | Lair:4   | Reached skill level 6 in Dodging
 17334 | Lair:5   | Found a staircase to the Swamp.
 17485 | Lair:5   | Found a staircase to the Snake Pit.
 17672 | Lair:5   | Noticed Josephine
 17680 | Lair:5   | Killed Josephine
 17932 | Lair:5   | Noticed a five-headed hydra
 17947 | Lair:5   | Killed a one-headed hydra
 17947 | Lair:5   | Reached skill level 7 in Dodging
 18015 | Lair:5   | Reached skill level 10 in Fighting
 18030 | Lair:5   | Reached skill level 10 in Armour
 18120 | Lair:5   | Reached XP level 14. HP: 96/110 MP: 21/21
 18122 | Lair:5   | Reached skill level 1 in Evocations
 18630 | Lair:5   | Reached skill level 2 in Evocations
 18754 | Lair:6   | Reached skill level 3 in Evocations
 18759 | Lair:6   | Reached skill level 8 in Dodging
 19086 | Lair:6   | Reached skill level 4 in Evocations
 19517 | Lair:6   | Reached skill level 5 in Evocations
 19987 | Lair:6   | Found a staircase to the Slime Pits.
 20287 | Lair:7   | Found a shimmering altar of Xom.
 20501 | Lair:7   | Reached skill level 11 in Fighting
 20979 | Lair:8   | Entered Level 8 of the Lair of Beasts
 20985 | Lair:8   | Reached skill level 12 in Fighting
 21150 | Lair:8   | Noticed Duffy's ghost (journeyman NaEn)
 21180 | Lair:8   | Killed Duffy's ghost
 21451 | Lair:8   | Noticed Rupert
 21488 | Lair:8   | Killed Rupert
 21488 | Lair:8   | Reached skill level 13 in Fighting
 21658 | Lair:8   | Reached XP level 15. HP: 117/124 MP: 22/22
 21966 | Lair:8   | Reached skill level 11 in Armour
 22296 | Lair:8   | Reached skill level 12 in Armour
 22881 | Lair:8   | Found a burning altar of Makhleb.
 22897 | Lair:8   | Reached skill level 13 in Armour
 23216 | Lair:8   | Found a gateway to Hell.
 24020 | D:11     | Noticed Foom's ghost (journeyman OpVM)
 24282 | D:11     | Killed Foom's ghost
 24586 | D:11     | Reached skill level 14 in Armour
 25360 | D:12     | Noticed 4thArraOfDagon's ghost (novice CeBe)
 25364 | D:12     | Killed 4thArraOfDagon's ghost
 25644 | D:12     | Reached XP level 16. HP: 121/131 MP: 23/23
 25782 | D:12     | Noticed Frances
 25793 | D:12     | Killed Frances
 26159 | D:12     | Reached skill level 15 in Long Blades
 26649 | D:13     | Noticed Borgoz's ghost (journeyman HOAK)
 26675 | D:13     | Killed Borgoz's ghost
 27132 | D:13     | Found an oddly glowing altar of Pakellas.
 27627 | D:14     | Reached skill level 16 in Long Blades
 28492 | D:14     | Reached skill level 9 in Dodging
 28498 | D:14     | Noticed Donald
 28525 | D:14     | Killed Donald
 28733 | D:14     | Found a gate to the Vaults.
 28996 | D:15     | Entered Level 15 of the Dungeon
 29045 | D:15     | Reached XP level 17. HP: 100/137 MP: 24/24
 29143 | D:15     | Reached skill level 10 in Dodging
 29183 | D:15     | Found a basalt altar of Yredelemnul.
 29481 | D:15     | Found Exof Loo's Distillery.
 29581 | D:15     | Reached skill level 14 in Fighting
 29896 | D:15     | Got a faintly glowing ivory ring
 30113 | D:15     | Reached skill level 15 in Fighting
 30381 | D:15     | Noticed nublet's ghost (journeyman CeFE)
 30390 | D:15     | Killed nublet's ghost
 30765 | D:15     | Found a staircase to the Depths.
 31244 | Orc:1    | Entered Level 1 of the Orcish Mines
 31837 | Orc:2    | Entered Level 2 of the Orcish Mines
 31889 | Orc:2    | Found a dark tunnel.
 31899 | Volcano  | Entered a volcano
 31944 | Volcano  | Got a translucent great mace
 32061 | Volcano  | Identified the ring "Cueri" {rPois rF+ rN+ Str+2 Slay-6} (You took it off an orc warrior on level 15 of the Dungeon)
 32079 | Orc:2    | Found a roughly hewn altar of Beogh.
 32083 | Orc:2    | Reached skill level 16 in Fighting
 32145 | Orc:2    | Found a roughly hewn altar of Beogh.
 32262 | Orc:2    | Found a staircase to the Elven Halls.
 32279 | Orc:2    | Found a roughly hewn altar of Beogh.
 32537 | Orc:2    | Found a roughly hewn altar of Beogh.
 32796 | Orc:2    | Found a roughly hewn altar of Beogh.
 32917 | Orc:2    | Found a roughly hewn altar of Beogh.
 32964 | Orc:2    | Found Fygu's Book Shoppe.
 33020 | Orc:2    | Found a roughly hewn altar of Beogh.
 33091 | Orc:2    | Found Lenguac's Assorted Antiques.
 33110 | Orc:2    | Noticed Saint Roka
 33155 | Orc:2    | Killed Saint Roka
 33622 | Orc:2    | Noticed Azrael
 33634 | Orc:2    | Killed Azrael
 33696 | Orc:2    | Reached skill level 17 in Fighting
 34089 | Orc:2    | Reached XP level 18. HP: 121/155 MP: 25/25
 34206 | Orc:2    | Found Zicok's Antique Weapon Emporium.
 34206 | Orc:2    | Found a roughly hewn altar of Beogh.
 34214 | Orc:2    | Found Leisisoo's Antique Armour Shoppe.
 34806 | Orc:2    | Bought a scroll of identify for 44 gold pieces
 34806 | Orc:2    | Bought a scroll of enchant weapon for 165 gold pieces
 34946 | D:10     | Bought a scroll of fog for 28 gold pieces
 35037 | D:8      | Bought a potion of heal wounds for 55 gold pieces
 35037 | D:8      | Bought 2 potions of heal wounds for 110 gold pieces
 35037 | D:8      | Bought a potion of brilliance for 44 gold pieces
 35165 | D:5      | Bought a potion of cancellation for 112 gold pieces
 35165 | D:5      | Bought a potion of might for 56 gold pieces
 35165 | D:5      | Bought a potion of agility for 56 gold pieces
 35165 | D:5      | Bought 2 potions of curing for 84 gold pieces
 35456 | D:15     | Bought a potion of curing for 60 gold pieces
 35456 | D:15     | Bought a potion of invisibility for 160 gold pieces
 35456 | D:15     | Bought a potion of heal wounds for 100 gold pieces
 35774 | Swamp:1  | Entered Level 1 of the Swamp
 37229 | Swamp:2  | Reached skill level 10 in Shields
 37735 | Swamp:2  | Noticed Kirke
 37747 | Swamp:2  | Killed Kirke
 37757 | Swamp:2  | Reached skill level 11 in Shields
 38150 | Swamp:2  | Noticed Roxanne
 38965 | Swamp:3  | Reached skill level 12 in Shields
 39679 | Swamp:4  | Entered Level 4 of the Swamp
 39684 | Swamp:4  | Noticed a tentacled monstrosity
 39700 | Swamp:4  | Killed a tentacled monstrosity
 39967 | Swamp:3  | Reached skill level 13 in Shields
 40044 | Swamp:3  | Upgraded the game from 0.18-a0-1186-gd02dc51 to 0.18-a0-1195-g77a4f03
 40441 | Swamp:4  | Reached XP level 19. HP: 161/161 MP: 26/26
 40551 | Swamp:3  | Reached skill level 14 in Shields
 42058 | Swamp:4  | Reached skill level 15 in Shields
 42482 | Swamp:4  | Got a decaying rune of Zot
 42874 | Snake:1  | Entered Level 1 of the Snake Pit
 43085 | Snake:1  | Reached skill level 15 in Armour
 44900 | Snake:2  | Reached skill level 17 in Long Blades
 46138 | Snake:3  | Reached skill level 6 in Evocations
 46171 | Snake:3  | Found Doili's Assorted Antiques.
 46442 | Snake:3  | Reached XP level 20. HP: 152/168 MP: 27/27
 46743 | Snake:3  | Reached skill level 7 in Evocations
 47178 | Snake:3  | Reached skill level 8 in Evocations
 47601 | Snake:4  | Entered Level 4 of the Snake Pit
 47938 | Snake:4  | Reached skill level 9 in Evocations
 47952 | Snake:4  | Found a shadowy altar of Dithmenos.
 48238 | Snake:4  | Reached skill level 10 in Evocations
 48313 | Snake:4  | Reached skill level 11 in Dodging
 48466 | Snake:4  | Noticed Aizul
 48476 | Snake:4  | Killed Aizul
 49319 | Snake:4  | Reached skill level 12 in Dodging
 50632 | Snake:4  | Reached skill level 11 in Invocations
 50700 | Snake:4  | Reached XP level 21. HP: 172/174 MP: 29/29
 51039 | Snake:4  | Reached skill level 12 in Invocations
 51161 | Snake:4  | Got a serpentine rune of Zot
 51568 | Snake:4  | Reached skill level 13 in Invocations
 52061 | Orc:2    | Bought a book of Necromancy for 330 gold pieces
 52067 | Orc:2    | Learned a level 3 spell: Regeneration
 52115 | Elf:1    | Entered Level 1 of the Elven Halls
 52446 | Elf:1    | Reached skill level 14 in Invocations
 52575 | Elf:1    | Reached skill level 1 in Necromancy
 52577 | Elf:1    | Reached skill level 1 in Charms
 52615 | Elf:1    | Reached skill level 1 in Spellcasting
 52706 | Elf:1    | Reached skill level 2 in Necromancy
 52709 | Elf:1    | Reached skill level 2 in Charms
 52897 | Elf:1    | Reached skill level 3 in Necromancy
 53082 | Elf:1    | Reached skill level 3 in Charms
 53085 | Elf:1    | Reached skill level 2 in Spellcasting
 53359 | Elf:1    | Reached skill level 4 in Necromancy
 53428 | Elf:1    | Reached skill level 4 in Charms
 53600 | Elf:1    | Found an ancient bone altar of Kikubaaqudgha.
 53908 | Elf:2    | Reached skill level 3 in Spellcasting
 54135 | Elf:2    | Reached skill level 5 in Necromancy
 54186 | Elf:2    | Found a runed gate.
 54190 | Elf:2    | Found a runed gate.
 54192 | Elf:2    | Found a runed gate.
 54269 | Elf:2    | Reached skill level 5 in Charms
 54453 | Elf:2    | Reached XP level 22. HP: 182/182 MP: 32/32
 54652 | Elf:2    | Reached skill level 6 in Necromancy
 55196 | Elf:2    | Reached skill level 4 in Spellcasting
 55238 | Elf:2    | Reached skill level 6 in Charms
 55567 | Elf:2    | Reached skill level 7 in Necromancy
 55635 | Elf:2    | Reached skill level 7 in Charms
 56339 | Vaults:1 | Entered Level 1 of the Vaults
 56557 | Vaults:1 | Reached skill level 8 in Charms
 56783 | Vaults:1 | You fall through a shaft!
 56783 | Vaults:2 | Found Laawy's Food Shoppe.
 57094 | Vaults:2 | Found Piggial's Gadget Emporium.
 57356 | Vaults:1 | Reached skill level 8 in Necromancy
 57439 | Vaults:1 | Noticed Jorgrun
 57445 | Vaults:1 | Killed Jorgrun
 57545 | Vaults:1 | Reached skill level 5 in Spellcasting
 57943 | Vaults:1 | Got a smoking scale mail
 57944 | Vaults:1 | Identified the +1 scale mail of Instinct {rC+ Int+4 Dex+2} (You found it on level 1 of the Vaults)
 58094 | Vaults:1 | Reached skill level 6 in Spellcasting
 58888 | Vaults:1 | Gained mutation: You are partially covered in icy blue scales (AC +1). [helix card]
 58893 | Vaults:1 | Gained mutation: You evolve. [helix card]
 59017 | Vaults:1 | Reached skill level 18 in Fighting
 59073 | Vaults:1 | Reached XP level 23. HP: 188/190 MP: 33/33
 59133 | Vaults:1 | Quit the game

Vault maps used:
D:1:      minmay_arrival_wavy_path
D:3:      minmay_cut_off, uniq_sigmund
D:4:      lemuel_round_altar, minitemple, minmay_misc_feat_tiny
D:5:      kennysheep_mini, first_bread, serial_shops, kennysheep_little_box
D:6:      kennysheep_mini_moat, gup_sewer_entry_bubbles, nrook_mini_vaults,
          uniq_crazy_yiuf_cottage
D:7:      lemuel_crystal_altar, temple_hall, grunt_livestock, uniq_pikel
D:8:      gammafunk_temple_overflow_forgotten, due_lair_maze_entry_diamond,
          basic_altar, serial_shops, shop, uniq_erolcha, uniq_psyche
D:9:      hiddenorc1_lemuel, uniq_joseph
D:10:     serial_shops, shop
D:12:     dk_vineyard_3, minmay_hedge_maze, minivault_20,
          minmay_misc_feat_nine_boxes, small_statue_intersection, uniq_frances
D:13:     serial_column_ruins, column_ruins_hut, column_ruins_circle_large,
          column_ruins_grid_1, column_ruins_grid_3, column_ruins_grid_2,
          column_ruins_open_tiny, column_ruins_grid_3, grunt_pakellas_salt
D:14:     david_vaults_3, hangedman_decor_riveting
D:15:     hangedman_depths_entry_try_elsewhere_first, serial_glass,
          glass_columns_a, glass_columns_a, serial_shops, shop,
          lemuel_mausoleum_altar_yredelemnul
Lair:1:   beast_lair_carwin_large_2, uniq_urug, uniq_erica, uniq_harold,
          uniq_nergalle
Lair:3:   hangedman_lair_generics_rect, lemuel_fruit_fields, uniq_snorg,
          uniq_sonja, uniq_gastronok
Lair:4:   minmay_another_anthill
Lair:5:   swamp_mist_pool, guppyfry_snake_entry_island, uniq_josephine
Lair:6:   dpeg_slime_entry_corner, lemuel_fruit_tree,
          infiniplex_staircase_pool_2
Lair:7:   kb_xom_exploding_sheep
Lair:8:   evil_forest, infiniplex_staircase_pool, uniq_rupert
Swamp:1:  evilmike_swamp_ruin_rubble_2
Swamp:2:  evilmike_swamp_ruin_house_1, uniq_kirke, uniq_roxanne
Swamp:3:  serial_swamp_ruin, evilmike_swamp_ruin_house_2,
          evilmike_swamp_ruin_house_3, evilmike_swamp_ruin_house_4, swamp_pool4
Swamp:4:  swamp_fiery
Snake:1:  cheibrodos_snake_ritualist_ritual, special_room
Snake:2:  uniq_donald
Snake:3:  serial_shops, nicolae_shop_behind_doors, grunt_ministairs_11,
          spider_trap, st_stairs_6, basic_stair_grate_trap
Snake:4:  grunt_snake_rune_spirals, basic_altar, uniq_aizul
Orc:2:    grunt_orc_community_town_hall, grunt_orc_community_big_house_1,
          grunt_orc_community_big_house_1, grunt_orc_community_house_1,
          grunt_orc_community_house_1, grunt_orc_community_house_1,
          grunt_orc_community_house_3, grunt_orc_community_house_1,
          grunt_orc_community_house_3, enter_volcano_4, kennysheep_orc_chapel,
          uniq_saint_roka, uniq_azrael
Elf:1:    eino_elf_arrival_the_gate, basic_altar, hangedman_elf_disciples,
          minivault_4
Vaults:1: nicolae_vaults_windows_and_doors_thing, v_misc_26,
          ontoclasm_vaults_spin, nicolae_vaults_circle_grid_b, v_rooms_6,
          hangedman_vaults_corner, v_misc_14, ontoclasm_vaults_fault,
          ontoclasm_vaults_eye, vaults_dpeg_diagonal, st_quartered_hall,
          grunt_vaults_bifocal, uniq_jorgrun
Vaults:2: v_misc_18, grunt_vaults_funnel, ontoclasm_vaults_loading_screen,
          v_alt_pattern_2, minmay_crypt_entry_nasty_monster, v_alt_pattern_6,
          v_rooms_6, hangedman_vaults_variations, v_misc_14,
          nicolae_vaults_little_squares_4, ontoclasm_vaults_ring_square,
          serial_shops, nicolae_shop_temple_entry_statues_fountains, shop, shop,
          nicolae_shop_window_shopping, shop_statue, uniq_sojobo
Volcano:  volcano_caves

Vanquished Creatures
  Saint Roka Rupert Jorgrun
  A tentacled monstrosity
  A deep elf blademaster Gastronok Frances
  4 thorn hunters Kirke
  The ghost of Duffy the Fighter, a journeyman NaEn of Ashenzari Donald
  A fire giant
  14 greater nagas
  A frost giant
  2 deep elf sorcerers
  3 vault wardens
  2 orc warlords Aizul
  2 ironheart preservers
  2 stone giants
  The ghost of nublet the Arsonist, a journeyman CeFE of Vehumet
  A deep elf annihilator
  The ghost of Borgoz the Corrupter of Planes, a journeyman HOAK of Lugonu
  A deep elf demonologist
  A dire elephant Azrael Snorg
  A vault guard Josephine
  29 naga warriors
  3 fire dragons
  4 yaktaur captains Erolcha
  An ice dragon
  25 hydras Harold
  A ghost crab Erica
  3 catoblepae
  The ghost of Foom the Destroyer, a journeyman OpVM of Vehumet
  4 centaur warriors
  24 dancing weapons
  9 anacondas
  A queen ant
  19 alligators
  4 ogre magi
  12 death yaks
  3 tengu warriors
  A deep troll earth mage Urug
  15 naga sharpshooters
  2 orc high priests
  2 spriggans Nergalle
  The ghost of 4thArraOfDagon the Cleaver, a novice CeBe of Trog
  11 shock serpents Sonja
  A salamander mystic
  24 deep elf knights
  9 skeletal warriors
  A sun demon
  4 unseen horrors
  4 deep trolls
  10 hill giants
  A flayed ghost
  8 swamp dragons
  A shambling mangrove
  A spriggan druid
  2 wizards Pikel
  4 lindwurms
  16 deep elf archers
  7 naga ritualists
  2 ironbrand convokers
  4 orc knights
  6 orc sorcerers
  67 deep elf magi
  4 hornets
  14 mana vipers
  2 wolf spiders
  42 ugly things
  3 griffons
  6 cyclopes
  A hornet (shapeshifter)
  A wolf spider zombie
  A cyclops (shapeshifter)
  A wolf spider (shapeshifter)
  3 manticores
  14 elephants
  9 salamanders
  9 guardian serpents
  3 vault sentinels Joseph
  49 black mambas
  3 orange demons
  A smoke demon
  A molten gargoyle
  3 gargoyles Psyche
  25 naga magi
  21 spiny frogs
  An efreet
  10 komodo dragons
  A hellwing
  9 yaktaurs
  4 fire drakes
  4 ice devils
  3 red devils
  A tengu conjurer
  5 trolls
  2 freezing wraiths
  A troll (shapeshifter)
  7 giant leeches
  7 polar bears
  8 two-headed ogres
  27 blink frogs
  A frost giant simulacrum
  31 slime creatures
  2 boulder beetles
  7 bog bodies
  2 centaur simulacra
  2 air elementals Sigmund
  6 shadows
  9 basilisks
  2 water elementals
  5 wyverns
  11 wraiths
  A hog
  22 humans
  A vampire
  5 fire elementals
  A golden eye (shapeshifter)
  18 yaks
  A hungry ghost
  14 hippogriffs
  2 steam dragons
  44 vampire mosquitoes
  A yaktaur simulacrum
  3 wargs
  69 nagas
  8 soldier ants
  4 mottled dragons
  17 swamp worms
  25 water moccasins
  2 hell hounds
  8 porcupines
  11 swamp drakes
  50 orc warriors
  8 wasps
  8 ice beasts
  4 phantoms
  2 slaves
  An eye of draining
  3 sky beasts
  22 ogres
  4 black bears
  3 necrophages
  26 crocodiles
  6 centaurs
  8 boggarts
  5 big kobolds
  A gnoll sergeant
  3 earth elementals
  23 giant frogs
  An ogre simulacrum
  A glowing shapeshifter simulacrum
  4 scorpions
  30 killer bees
  13 wights
  An electric eel
  6 crimson imps
  A lava snake
  6 centaur zombies
  A wyvern simulacrum
  3 giant frog zombies
  6 jellies
  5 centaur skeletons
  10 hounds
  29 orc priests
  4 human zombies Crazy Yiuf
  33 orc wizards
  4 giant frog skeletons
  5 iguanas
  40 worker ants
  28 sheep
  A hound zombie
  A hound skeleton
  A mummy
  2 worker ant zombies
  14 gnolls
  7 adders
  134 river rats
  4 shadow imps
  3 adder zombies
  2 adder skeletons
  4 worms
  7 giant geckos
  139 orcs
  3 giant cockroaches
  12 goblins
  9 hobgoblins
  29 jackals
  4 quokkas
  3 ball pythons
  5 bats
  2 giant gecko skeletons
  4 giant newts
  4 jackal skeletons
  A jackal zombie
  32 kobolds
  A quokka skeleton
  A quokka zombie
  15 rats
  5 briar patches
  18 fungi
  13 plants
1938 creatures vanquished.
